[Event "Chestnut 2nd Category Final 2025"]
[Site "Kyiv"]
[Date "2025.04.06"]
[Round "5.5"]
[White "Voloshyn, Maksym"]
[Black "Fabrykator, Myroslava"]
[Result "1-0"]
[Annotator "NA"]
[ECO "A01"]
[WhiteElo "1621"]
[BlackElo "1457"]
[PlyCount "127"]
[EventDate "2025.04.03"]
[EventCountry "UKR"]
[SourceTitle "playchess.com"]
[Source "ChessBase"]
[SourceQuality "1"]
[TimeControl "600+5"]

1. b3 c5 2. Bb2 Nc6 3. g3 Nf6 4. Bg2 g6 5. Nf3 Bg7 6. d3 O-O 7. c4 e6 8. O-O d5 9. Qc2 d4 10. a3 e5 11. Nbd2 Rb8 12. Rfe1 Bd7 13. Ng5 Qc8 14. Nge4 Nxe4 15. Nxe4 Bh3 16. Nxc5 Bxg2 17. Kxg2 Ne7 18. b4 b6 19. Ne4 Qb7 20. Kg1 b5 21. c5 Nf5 22. Rac1 Qc7 23. Qb3 Rbc8 24. Nd6 Nxd6 25. cxd6 Qxd6 26. Rc2 Qd7 27. Rec1 Rxc2 28. Qxc2 Bh6 29. Qc6 Qe7 30. Rc2 Qe8 31. Bc1 Qxc6 32. Rxc6 Bxc1 33. Rxc1 Re8 34. Rc7 a6 35. Rc6 Re6 36. Rxe6 fxe6 37. Kg2 Kf7 38. Kf3 Kf6 39. Ke4 h6 40. h3 g5 41. g4 Kg6 42. Kxe5 h5 43. Kxd4 hxg4 44. hxg4 Kf6 45. Ke4 e5 46. e3 Ke6 47. f4 exf4 48. exf4 gxf4 49. Kxf4 Kd5 50. g5 Kd4 51. g6 Kxd3 52. g7 Kc3 53. g8=Q Kb2 54. Ke3 Kxa3 55. Qg6 Kxb4 56. Qxa6 Kc4 57. Kd2 Kb4 58. Kc2 Kc5 59. Qa3+ b4 60. Qb3 Kb5 61. Kd3 Kc5 62. Ke4 Kb5 63. Kd5 Ka5 64. Kc5 1-0

[Event "Chestnut 2nd Category Final 2025"]
[Site "Kyiv"]
[Date "2025.04.06"]
[Round "6.1"]
[White "Prykhodko, Artem"]
[Black "Lymar, Makar"]
[Result "1/2-1/2"]
[Annotator "NA"]
[ECO "B10"]
[WhiteElo "1678"]
[BlackElo "1565"]
[PlyCount "161"]
[EventDate "2025.04.03"]
[EventCountry "UKR"]
[SourceTitle "playchess.com"]
[Source "ChessBase"]
[SourceQuality "1"]
[TimeControl "600+5"]

1. e4 c6 2. c4 e6 3. Nc3 d5 4. cxd5 exd5 5. exd5 cxd5 6. d4 Nf6 7. Bg5 h6 8. Bh4 Be7 9. Nf3 Nc6 10. Bb5 O-O 11. O-O a6 12. Ba4 b5 13. Bb3 Be6 14. Bc2 Bg4 15. Qd3 g6 16. Rfe1 Nb4 17. Qd2 Nxc2 18. Qxc2 Bxf3 19. gxf3 g5 20. Bg3 Nh7 21. Re5 Nf6 22. f4 Bd6 23. Rf5 g4 24. Bh4 Be7 25. Bxf6 Bxf6 26. Rxd5 Qc8 27. Rh5 Bg7 28. f5 Re8 29. f6 Bf8 30. Qd1 b4 31. Nd5 Qe6 32. Ne7+ Bxe7 33. fxe7 Rxe7 34. Qd2 Kg7 35. Re5 Qf6 36. Rxe7 Qxe7 37. Re1 Qd6 38. Re4 f5 39. Re5 Rd8 40. Rxf5 Qxd4 41. Qxd4+ Rxd4 42. Ra5 Rd1+ 43. Kg2 Rd2 44. b3 Rd6 45. Ra4 Rb6 46. Kg3 h5 47. Ra5 Kg6 48. Kh4 Rf6 49. Rg5+ Kf7 50. Kg3 Rh6 51. Rf5+ Ke6 52. Ra5 Kf7 53. Rc5 Ke7 54. Rc4 Rb6 55. Kh4 Rb5 56. Rc6 Ra5 57. Rc2 Rf5 58. h3 gxh3 59. Kxh3 Ra5 60. Kh4 Rf5 61. Kg3 Ra5 62. f4 Kf6 63. Rc4 Rxa2 64. Rxb4 Kf5 65. Rc4 a5 66. Rc5+ Kg6 67. f5+ Kf6 68. Kh4 Rf2 69. Rxa5 Rxf5 70. Ra6+ Ke7 71. Rb6 Kd7 72. Ra6 Rb5 73. Ra3 Kc6 74. Ra6+ Rb6 75. Ra3 Rb5 76. Ra6+ Kc5 77. Ra8 Kb4 78. Ra1 Kxb3 79. Rb1+ Kc4 80. Rxb5 Kxb5 81. Kxh5 1/2-1/2

[Event "Chestnut 2nd Category Final 2025"]
[Site "Kyiv"]
[Date "2025.04.06"]
[Round "6.2"]
[White "Fabrykator, Myroslava"]
[Black "Ruzhanskyi, Kiril"]
[Result "0-1"]
[Annotator "NA"]
[ECO "B06"]
[WhiteElo "1457"]
[BlackElo "1534"]
[PlyCount "52"]
[EventDate "2025.04.03"]
[EventCountry "UKR"]
[SourceTitle "playchess.com"]
[Source "ChessBase"]
[SourceQuality "1"]
[TimeControl "600+5"]

1. e4 g6 2. d4 c6 3. Nc3 d5 4. e5 Bg7 5. Nf3 Bg4 6. h3 Bxf3 7. Qxf3 e6 8. Be3 Nd7 9. Bd3 Ne7 10. O-O O-O 11. Bg5 Re8 12. Qe3 Qb6 13. Rab1 Rac8 14. Qf4 c5 15. Na4 Qb4 16. Nxc5 Nxc5 17. dxc5 Qxf4 18. Bxf4 Rxc5 19. a4 Rec8 20. b4 R5c7 21. Rfe1 Nc6 22. c3 Bf8 23. Rbc1 a5 24. b5 Ne7 25. Bd2 b6 26. Re2 d4 0-1

[Event "Chestnut 2nd Category Final 2025"]
[Site "Kyiv"]
[Date "2025.04.06"]
[Round "6.3"]
[White "Diachuk, Ihor"]
[Black "Voloshyn, Maksym"]
[Result "0-1"]
[Annotator "NA"]
[ECO "C01"]
[WhiteElo "1550"]
[BlackElo "1621"]
[PlyCount "142"]
[EventDate "2025.04.03"]
[EventCountry "UKR"]
[SourceTitle "playchess.com"]
[Source "ChessBase"]
[SourceQuality "1"]
[TimeControl "600+5"]

1. e4 e6 2. d4 d5 3. exd5 exd5 4. Bd3 Bd6 5. c3 c6 6. h3 h6 7. Nf3 Nf6 8. Qe2+ Qe7 9. Qxe7+ Bxe7 10. Bf4 O-O 11. O-O Rd8 12. Nbd2 Be6 13. Bg3 Bd6 14. Bxd6 Rxd6 15. Ne5 Rd8 16. Ndf3 Nbd7 17. Rfe1 Nxe5 18. Nxe5 Nd7 19. Nxd7 Rxd7 20. Re3 Re8 21. Rae1 Rde7 22. Kf1 Kf8 23. f3 Bd7 24. Rxe7 Rxe7 25. Rxe7 Kxe7 26. Kf2 Kd6 27. Ke3 b6 28. h4 c5 29. g4 c4 30. Bc2 b5 31. b3 a5 32. h5 b4 33. cxb4 axb4 34. bxc4 dxc4 35. Ke4 Bc6+ 36. Ke3 Bd5 37. f4 Kc6 38. g5 Kb5 39. Kd2 b3 40. axb3 cxb3 41. Bb1 Kc4 42. g6 f6 43. f5 Kxd4 44. Kc1 Ke5 45. Kb2 Kf4 46. Bd3 Kg5 47. Be2 Kxf5 48. Bd1 Kf4 49. Bxb3 Bxb3 50. Kxb3 Ke3 51. Kc2 f5 52. Kd1 Kf2 53. Kd2 f4 54. Kd3 f3 55. Ke4 Kg2 56. Kf5 f2 57. Ke6 f1=Q 58. Ke7 Qf6+ 59. Ke8 Kf3 60. Kd7 Qf5+ 61. Ke7 Qxh5 62. Kf7 Qe5 63. Kg8 h5 64. Kh8 Qf6 65. Kh7 h4 66. Kh8 h3 67. Kh7 h2 68. Kg8 Qxg6 69. Kh8 h1=Q+ 70. Kg8 Qe6+ 71. Kxg7 Qhh6# 0-1

[Event "Chestnut 2nd Category Final 2025"]
[Site "Kyiv"]
[Date "2025.04.06"]
[Round "6.4"]
[White "Udod, Oleksandra"]
[Black "Kulak, Volodymyr"]
[Result "0-1"]
[Annotator "NA"]
[ECO "D11"]
[WhiteElo "1646"]
[BlackElo "1607"]
[PlyCount "156"]
[EventDate "2025.04.03"]
[EventCountry "UKR"]
[SourceTitle "playchess.com"]
[Source "ChessBase"]
[SourceQuality "1"]
[TimeControl "600+5"]

1. d4 d5 2. c4 c6 3. Nf3 Nf6 4. g3 Bf5 5. Nc3 e6 6. Nh4 Bg6 7. Qb3 Qd7 8. Nxg6 hxg6 9. Bg2 Be7 10. Bg5 Nh7 11. Bxe7 Qxe7 12. e4 dxe4 13. Nxe4 O-O 14. c5 Na6 15. Nd6 Rab8 16. Qc3 Nc7 17. O-O Nd5 18. Qc2 Nhf6 19. Rfe1 Qd7 20. a3 Ne8 21. Ne4 Nef6 22. Nd6 Ne8 23. Nxe8 Rfxe8 24. b4 a6 25. Rab1 Nc7 26. Qc3 Nb5 27. Qb3 Qxd4 28. Rbd1 Qc3 29. Re3 Qxb3 30. Rxb3 Red8 31. Bf3 Nd4 32. Bxc6 Nxc6 33. Rc1 Rd7 34. a4 Rbd8 35. Kg2 Nd4 36. Rbb1 Nf5 37. b5 axb5 38. axb5 Rc7 39. Ra1 Rdc8 40. g4 Ne7 41. Ra7 Rxc5 42. Rxc5 Rxc5 43. Rxb7 Nd5 44. b6 Rb5 45. Rb8+ Kh7 46. b7 Nf6 47. h3 Nd7 48. Re8 Rxb7 49. Re7 Nc5 50. Rxb7 Nxb7 51. Kg3 g5 52. f3 Kg6 53. h4 gxh4+ 54. Kxh4 Nd6 55. f4 f6 56. Kg3 e5 57. Kf3 exf4 58. Kxf4 Kf7 59. g5 fxg5+ 60. Kxg5 Nb7 61. Kf5 g6+ 62. Kg5 Kg7 63. Kg4 Kf6 64. Kf4 g5+ 65. Kg4 Kg6 66. Kg3 Kf5 67. Kf3 g4+ 68. Kg3 Kg5 69. Kg2 Kf4 70. Kf2 g3+ 71. Kg2 Kg4 72. Kf1 Kf3 73. Kg1 g2 74. Kh2 Kf2 75. Kh3 g1=Q 76. Kh4 Nd6 77. Kh5 Nf7 78. Kh4 Ne5 0-1

[Event "Chestnut 2nd Category Final 2025"]
[Site "Kyiv"]
[Date "2025.04.06"]
[Round "6.5"]
[White "Chornyi, Viktor"]
[Black "Atamanchuk, Dmytro"]
[Result "1-0"]
[Annotator "NA"]
[ECO "C77"]
[WhiteElo "1515"]
[BlackElo "1493"]
[PlyCount "141"]
[EventDate "2025.04.03"]
[EventCountry "UKR"]
[SourceTitle "playchess.com"]
[Source "ChessBase"]
[SourceQuality "1"]
[TimeControl "600+5"]

1. e4 e5 2. Nf3 Nc6 3. Bb5 a6 4. Ba4 Nf6 5. Nc3 Be7 6. O-O b5 7. Bb3 d6 8. Re1 Bg4 9. h3 Bh5 10. d3 Nd4 11. Be3 Nxf3+ 12. gxf3 Qd7 13. Kh2 c6 14. Rg1 Rg8 15. Rg3 Qb7 16. Qg1 Kf8 17. f4 exf4 18. Bxf4 Bg6 19. Qg2 Nh5 20. Rg4 Qd7 21. Bg5 Bxg5 22. Rxg5 Nf4 23. Qf3 Ne6 24. Bxe6 Qxe6 25. a3 h6 26. Rg3 Ke7 27. Re1 Rge8 28. d4 Kf8 29. Qf4 Kg8 30. e5 Qf5 31. Qxf5 Bxf5 32. Rge3 dxe5 33. R1e2 Kf8 34. dxe5 Re7 35. Rd2 Re6 36. f4 Rae8 37. Kg3 g5 38. h4 gxf4+ 39. Kxf4 Bg6 40. Nd1 f6 41. Rde2 fxe5+ 42. Rxe5 Rxe5 43. Rxe5 Rxe5 44. Kxe5 Bxc2 45. Ne3 Kg7 46. Kd6 Be4 47. Kc5 a5 48. b4 axb4 49. axb4 Kg6 50. Kd6 Kh5 51. Ke5 Bh1 52. Nf5 Bg2 53. Kf4 Bh3 54. Ne7 Bd7 55. Kg3 Be8 56. Ng8 Bf7 57. Ne7 Bd5 58. Nf5 Kg6 59. Nd4 Kf6 60. Kf4 Kg6 61. Nf5 Be6 62. Ne7+ Kh5 63. Nxc6 Kxh4 64. Nd4 Bc4 65. Nf5+ Kh5 66. Nd6 Kg6 67. Ke4 h5 68. Nxc4 bxc4 69. b5 Kf6 70. b6 Ke7 71. b7 1-0

[Event "Chestnut 2nd Category Final 2025"]
[Site "Kyiv"]
[Date "2025.04.06"]
[Round "7.1"]
[White "Lymar, Makar"]
[Black "Kravchuk, Sviatoslav"]
[Result "1-0"]
[Annotator "NA"]
[ECO "D43"]
[WhiteElo "1565"]
[BlackElo "1441"]
[PlyCount "59"]
[EventDate "2025.04.03"]
[EventCountry "UKR"]
[SourceTitle "playchess.com"]
[Source "ChessBase"]
[SourceQuality "1"]
[TimeControl "600+5"]

1. d4 d5 2. c4 c6 3. Nc3 e6 4. Nf3 Nf6 5. Bg5 Bd6 6. e3 b6 7. h3 Ba6 8. Ne5 h6 9. Bh4 Bxe5 10. dxe5 g5 11. Bxg5 hxg5 12. exf6 Qxf6 13. Be2 Nd7 14. O-O Bxc4 15. Bxc4 dxc4 16. Ne4 Qh6 17. Nd6+ Ke7 18. Nxc4 Rac8 19. Qd6+ Ke8 20. Rad1 Rd8 21. Qxc6 g4 22. Rxd7 Rxd7 23. Ne5 Qh5 24. Qxd7+ Kf8 25. Nxg4 Qg5 26. Rc1 Rh7 27. Rc8+ Kg7 28. Qd4+ f6 29. Qd7+ Kg6 30. Rg8+ 1-0

[Event "Chestnut 2nd Category Final 2025"]
[Site "Kyiv"]
[Date "2025.04.06"]
[Round "7.2"]
[White "Atamanchuk, Dmytro"]
[Black "Prykhodko, Artem"]
[Result "1-0"]
[Annotator "NA"]
[ECO "D37"]
[WhiteElo "1493"]
[BlackElo "1678"]
[PlyCount "97"]
[EventDate "2025.04.03"]
[EventCountry "UKR"]
[SourceTitle "playchess.com"]
[Source "ChessBase"]
[SourceQuality "1"]
[TimeControl "600+5"]

1. d4 Nf6 2. c4 e6 3. Nf3 d5 4. Nc3 Be7 5. cxd5 Nxd5 6. e4 Nxc3 7. bxc3 c5 8. Be2 Nc6 9. Be3 cxd4 10. cxd4 Bb4+ 11. Kf1 O-O 12. Kg1 b6 13. h3 Bb7 14. Kh2 Bd6+ 15. e5 Be7 16. Re1 Qd5 17. Rc1 Ba3 18. Rc2 Bb4 19. Rf1 b5 20. Qa1 Ne7 21. Rfc1 Ba3 22. Rd1 Ng6 23. Ne1 Nh4 24. Nf3 Nf5 25. Bc1 Bb4 26. Bb2 Ba5 27. Rc5 Qe4 28. Bxb5 Nh4 29. Rd3 Nxf3+ 30. Rxf3 Qg6 31. Rg3 Qe4 32. Bd3 Qf4 33. Rxa5 Qxf2 34. Ra3 Rab8 35. Rb3 h5 36. Qf1 Qd2 37. Qe2 Qf4 38. Qxh5 g6 39. Qg4 Qh6 40. Be4 Bxe4 41. Qxe4 Rxb3 42. axb3 Qd2 43. Ba3 Rc8 44. Bc5 Rc7 45. Qd3 Qa5 46. Rg4 Rd7 47. Qe3 Qc7 48. Qh6 f6 49. Rxg6+ 1-0

[Event "Chestnut 2nd Category Final 2025"]
[Site "Kyiv"]
[Date "2025.04.06"]
[Round "7.3"]
[White "Kulak, Volodymyr"]
[Black "Chornyi, Viktor"]
[Result "1-0"]
[Annotator "NA"]
[ECO "C01"]
[WhiteElo "1607"]
[BlackElo "1515"]
[PlyCount "145"]
[EventDate "2025.04.03"]
[EventCountry "UKR"]
[SourceTitle "playchess.com"]
[Source "ChessBase"]
[SourceQuality "1"]
[TimeControl "600+5"]

1. e4 e6 2. d4 d5 3. exd5 exd5 4. Nf3 Nf6 5. Bd3 Bg4 6. h3 Bh5 7. c3 Be7 8. Bf4 Nbd7 9. Nbd2 c6 10. O-O Bg6 11. Qc2 Qb6 12. Rfe1 Qd8 13. Bxg6 hxg6 14. Bd6 Ng8 15. Re2 Nf8 16. Ba3 Ne6 17. Bxe7 Nxe7 18. Ne5 Rh6 19. Ng4 Rh8 20. Nf3 Qc7 21. Nge5 Rf8 22. Qd2 O-O-O 23. Nxf7 Nf4 24. Nxd8 Nxe2+ 25. Qxe2 Qxd8 26. Re1 Re8 27. Qd2 Nf5 28. Rxe8 Qxe8 29. Qe1 Qxe1+ 30. Nxe1 g5 31. Nf3 Nd6 32. Nxg5 Nc4 33. b3 Na3 34. Ne6 g6 35. Nf4 g5 36. Ne6 Nb1 37. c4 dxc4 38. bxc4 Na3 39. Nxg5 Nxc4 40. h4 Kd7 41. h5 Ke7 42. h6 Kf6 43. h7 Kg7 44. f4 b6 45. f5 Nd6 46. f6+ Kh8 47. f7 Nxf7 48. Nxf7+ Kxh7 49. Kf2 Kg7 50. Ne5 c5 51. dxc5 bxc5 52. Ke3 Kf6 53. Nc4 Ke6 54. g4 Kd5 55. Kd3 a6 56. g5 Ke6 57. g6 Kf6 58. g7 Kxg7 59. Ke4 Kf6 60. Kd5 Kf5 61. Kxc5 Ke6 62. a4 Kd7 63. Kb6 Kc8 64. Kxa6 Kb8 65. Kb6 Ka8 66. a5 Kb8 67. a6 Ka8 68. Na5 Kb8 69. Nb3 Ka8 70. Nd4 Kb8 71. Ne6 Ka8 72. Nc7+ Kb8 73. a7+ 1-0

[Event "Chestnut 2nd Category Final 2025"]
[Site "Kyiv"]
[Date "2025.04.06"]
[Round "7.4"]
[White "Voloshyn, Maksym"]
[Black "Udod, Oleksandra"]
[Result "1/2-1/2"]
[Annotator "NA"]
[ECO "A01"]
[WhiteElo "1621"]
[BlackElo "1646"]
[PlyCount "37"]
[EventDate "2025.04.03"]
[EventCountry "UKR"]
[SourceTitle "playchess.com"]
[Source "ChessBase"]
[SourceQuality "1"]
[TimeControl "600+5"]

1. b3 d5 2. Bb2 Nc6 3. e3 a6 4. Nf3 Nf6 5. c4 Bf5 6. d4 Nb4 7. Na3 h6 8. Qd2 Nc6 9. cxd5 Ne4 10. Qe2 Qxd5 11. Nd2 Nxd2 12. Qxd2 e6 13. Bc4 Qxg2 14. O-O-O b5 15. Bd3 Bxd3 16. Qxd3 Bxa3 17. Bxa3 Qxf2 18. Qe4 Ne7 19. Rd2 1/2-1/2

[Event "Chestnut 2nd Category Final 2025"]
[Site "Kyiv"]
[Date "2025.04.06"]
[Round "7.5"]
[White "Ruzhanskyi, Kiril"]
[Black "Diachuk, Ihor"]
[Result "1-0"]
[Annotator "NA"]
[ECO "D00"]
[WhiteElo "1534"]
[BlackElo "1550"]
[PlyCount "107"]
[EventDate "2025.04.03"]
[EventCountry "UKR"]
[SourceTitle "playchess.com"]
[Source "ChessBase"]
[SourceQuality "1"]
[TimeControl "600+5"]

1. d4 d5 2. g3 e6 3. Bg2 Bd7 4. c3 Nc6 5. Nf3 Nf6 6. Bg5 Be7 7. Nbd2 h6 8. Bxf6 Bxf6 9. O-O O-O 10. e4 Be7 11. Re1 dxe4 12. Nxe4 Bd6 13. Nfd2 Rb8 14. Nc4 Qe7 15. Nexd6 cxd6 16. d5 Ne5 17. Nxe5 dxe5 18. Rxe5 Qd6 19. Re1 exd5 20. Qxd5 Qxd5 21. Bxd5 Rfd8 22. Rad1 Bf5 23. Bg2 b6 24. h4 Be6 25. a3 Bb3 26. Rxd8+ Rxd8 27. Re7 Rd1+ 28. Kh2 Rd2 29. Be4 g6 30. Kg2 Rxb2 31. Rxa7 b5 32. Rb7 Bc4 33. a4 Rb3 34. axb5 Rxc3 35. Rc7 Bf1+ 36. Kxf1 Rxc7 37. b6 Rc8 38. b7 Rb8 39. Ke2 Kf8 40. Kd3 Ke7 41. Kd4 Kd6 42. g4 f5 43. gxf5 gxf5 44. Bg2 h5 45. f4 Rd8 46. Bf3 Rb8 47. Kc4 Ke6 48. Kc5 Ke7 49. Kb6 Kd7 50. Bxh5 Kd6 51. Bg6 Kd7 52. Bxf5+ Kd6 53. h5 Rf8 54. Bc8 1-0

[Event "Chestnut 2nd Category Final 2025"]
[Site "Kyiv"]
[Date "2025.04.06"]
[Round "8.1"]
[White "Kravchuk, Sviatoslav"]
[Black "Fabrykator, Myroslava"]
[Result "1/2-1/2"]
[Annotator "NA"]
[ECO "B30"]
[WhiteElo "1441"]
[BlackElo "1457"]
[PlyCount "80"]
[EventDate "2025.04.03"]
[EventCountry "UKR"]
[SourceTitle "playchess.com"]
[Source "ChessBase"]
[SourceQuality "1"]
[TimeControl "600+5"]

1. e4 c5 2. Nf3 Nc6 3. Nc3 g6 4. Bc4 Bg7 5. d3 d6 6. Be3 Nf6 7. h3 a6 8. a4 O-O 9. O-O Bd7 10. Qd2 Rc8 11. Bh6 Re8 12. Bxg7 Kxg7 13. Nd5 Nxd5 14. Bxd5 e6 15. Bc4 Rb8 16. Ba2 b5 17. Bb3 bxa4 18. Bxa4 Nb4 19. Bxd7 Qxd7 20. c3 Nc6 21. Rxa6 Qb7 22. Ra2 Ra8 23. Rfa1 Reb8 24. Ng5 Rxa2 25. Rxa2 Qb3 26. Ra1 Qxb2 27. Qxb2 Rxb2 28. Ra3 Rb1+ 29. Kh2 Rd1 30. c4 Ne5 31. Ra7 h6 32. Nxe6+ Kf6 33. Nf4 g5 34. Nd5+ Kg7 35. Ra6 Nxd3 36. Rxd6 Nxf2 37. Rc6 Nxe4 38. Ne3 Rd8 39. Nf5+ Kf8 40. Rxh6 Ke8 1/2-1/2

[Event "Chestnut 2nd Category Final 2025"]
[Site "Kyiv"]
[Date "2025.04.06"]
[Round "8.2"]
[White "Lymar, Makar"]
[Black "Atamanchuk, Dmytro"]
[Result "1-0"]
[Annotator "NA"]
[ECO "D43"]
[WhiteElo "1565"]
[BlackElo "1493"]
[PlyCount "53"]
[EventDate "2025.04.03"]
[EventCountry "UKR"]
[SourceTitle "playchess.com"]
[Source "ChessBase"]
[SourceQuality "1"]
[TimeControl "600+5"]

1. d4 d5 2. c4 c6 3. Nc3 Nf6 4. Nf3 e6 5. Bg5 Nbd7 6. a3 dxc4 7. e4 Be7 8. Bxc4 h6 9. Bh4 O-O 10. O-O Qb6 11. e5 Qxb2 12. exf6 Nxf6 13. Bxf6 Bxf6 14. Ne2 Rd8 15. Ra2 Qb6 16. Rd2 g5 17. Ne5 h5 18. Ng3 h4 19. Ne4 Be7 20. Qh5 Rf8 21. Nxg5 Bxg5 22. Qxg5+ Kh8 23. Qxh4+ Kg8 24. Rd3 Re8 25. Qf6 Qd8 26. Qxf7+ Kh8 27. Ng6# 1-0

[Event "Chestnut 2nd Category Final 2025"]
[Site "Kyiv"]
[Date "2025.04.06"]
[Round "8.3"]
[White "Udod, Oleksandra"]
[Black "Ruzhanskyi, Kiril"]
[Result "0-1"]
[Annotator "NA"]
[ECO "A40"]
[WhiteElo "1646"]
[BlackElo "1534"]
[PlyCount "62"]
[EventDate "2025.04.03"]
[EventCountry "UKR"]
[SourceTitle "playchess.com"]
[Source "ChessBase"]
[SourceQuality "1"]
[TimeControl "600+5"]

1. d4 g6 2. c4 c6 3. Nc3 d5 4. Nf3 Bg7 5. g3 Bg4 6. e3 Nf6 7. cxd5 cxd5 8. Bg2 Nc6 9. Qb3 Qd7 10. Ne5 Nxe5 11. dxe5 Nh5 12. Bxd5 O-O 13. Qxb7 Qxb7 14. Bxb7 Rab8 15. f3 Bh3 16. g4 Rxb7 17. gxh5 Bxe5 18. hxg6 fxg6 19. Kf2 Bg4 20. f4 Bxc3 21. bxc3 Rc8 22. h3 Bh5 23. Bd2 Rb2 24. Ke1 Rd8 25. Rh2 Kf7 26. e4 Bf3 27. e5 Rd3 28. Rf2 Be4 29. h4 Rh3 30. Rc1 Bd3 31. Rf3 Rxf3 0-1

[Event "Chestnut 2nd Category Final 2025"]
[Site "Kyiv"]
[Date "2025.04.06"]
[Round "8.4"]
[White "Chornyi, Viktor"]
[Black "Voloshyn, Maksym"]
[Result "1-0"]
[Annotator "NA"]
[ECO "C00"]
[WhiteElo "1515"]
[BlackElo "1621"]
[PlyCount "107"]
[EventDate "2025.04.03"]
[EventCountry "UKR"]
[SourceTitle "playchess.com"]
[Source "ChessBase"]
[SourceQuality "1"]
[TimeControl "600+5"]

1. e4 e6 2. Nf3 d5 3. exd5 exd5 4. d4 Nf6 5. Bd3 Bd6 6. h3 h6 7. O-O O-O 8. Re1 c6 9. Nc3 Re8 10. Be3 Qc7 11. Qd2 Nbd7 12. Re2 Nf8 13. Rae1 Bd7 14. a3 a5 15. a4 Ne6 16. b3 Nf4 17. Bxf4 Bxf4 18. Qd1 Rxe2 19. Rxe2 Re8 20. Qe1 Rxe2 21. Qxe2 Qc8 22. Ne5 Bxe5 23. dxe5 Nh7 24. Qf3 Qe8 25. Qe3 Ng5 26. f4 Ne6 27. Ne2 Qe7 28. Nd4 Qc5 29. c3 Nxd4 30. Qxd4 Kf8 31. Kf2 Ke7 32. g4 b6 33. f5 Qxd4+ 34. cxd4 c5 35. Ke3 c4 36. Bc2 b5 37. bxc4 bxc4 38. Kd2 Kd8 39. Kc3 Kc7 40. Bd1 h5 41. Bf3 hxg4 42. hxg4 Kc6 43. Bd1 Kc7 44. Bc2 Kd8 45. g5 Ke7 46. f6+ gxf6 47. gxf6+ Ke6 48. Bd1 Kf5 49. Bf3 Bc6 50. Bg2 Kf4 51. e6 Be8 52. Bxd5 fxe6 53. Bxe6 Ke4 54. f7 1-0

[Event "Chestnut 2nd Category Final 2025"]
[Site "Kyiv"]
[Date "2025.04.06"]
[Round "8.5"]
[White "Prykhodko, Artem"]
[Black "Kulak, Volodymyr"]
[Result "1-0"]
[Annotator "NA"]
[ECO "A22"]
[WhiteElo "1678"]
[BlackElo "1607"]
[PlyCount "120"]
[EventDate "2025.04.03"]
[EventCountry "UKR"]
[SourceTitle "playchess.com"]
[Source "ChessBase"]
[SourceQuality "1"]
[TimeControl "600+5"]

1. c4 e5 2. g3 Nf6 3. Nc3 Bc5 4. Bg2 Nc6 5. Nf3 d6 6. d3 Bf5 7. Bg5 h6 8. Bxf6 Qxf6 9. Nh4 O-O 10. Nxf5 Qxf5 11. O-O Rab8 12. Be4 Qf6 13. Bg2 Nd4 14. Ne4 Qe7 15. e3 Ne6 16. Nxc5 Nxc5 17. d4 exd4 18. exd4 Nd7 19. Re1 Qd8 20. c5 dxc5 21. dxc5 Nxc5 22. Qc2 Ne6 23. Rad1 Qf6 24. b3 c6 25. Be4 Rfd8 26. Qc4 Rxd1 27. Rxd1 Rd8 28. Bd3 Rd4 29. Qc3 Qd8 30. f4 Rd7 31. Qd2 Kh8 32. Qc3 b6 33. b4 c5 34. a3 cxb4 35. axb4 Qc7 36. Qxc7 Rxc7 37. Bb1 g6 38. f5 gxf5 39. Bxf5 Kg7 40. Kg2 Kf6 41. g4 a5 42. bxa5 bxa5 43. Ra1 Ra7 44. Rf1 Ke7 45. Ra1 a4 46. Ra3 Nd4 47. Bd3 Kd6 48. Kf2 Kc5 49. Rc3+ Kb6 50. Rc4 Nc6 51. Be4 Ne5 52. Rb4+ Kc5 53. Rb1 a3 54. Rc1+ Kd4 55. Bb1 Nd3+ 56. Bxd3 Kxd3 57. Rd1+ Kc2 58. Ke2 a2 59. Rd2+ Kc3 60. Rd3+ Kc4 1-0

[Event "Chestnut 2nd Category Final 2025"]
[Site "Kyiv"]
[Date "2025.04.06"]
[Round "9.1"]
[White "Atamanchuk, Dmytro"]
[Black "Kravchuk, Sviatoslav"]
[Result "1-0"]
[Annotator "NA"]
[ECO "D31"]
[WhiteElo "1493"]
[BlackElo "1441"]
[PlyCount "121"]
[EventDate "2025.04.03"]
[EventCountry "UKR"]
[SourceTitle "playchess.com"]
[Source "ChessBase"]
[SourceQuality "1"]
[TimeControl "600+5"]

1. d4 d5 2. c4 c6 3. Nc3 e6 4. cxd5 cxd5 5. Bf4 Nc6 6. e3 Nf6 7. Nf3 b6 8. Bd3 Bb7 9. O-O Be7 10. Bb5 O-O 11. Rc1 Rc8 12. Qa4 Nh5 13. Ne2 Nxf4 14. Nxf4 Na5 15. Nd2 Bd6 16. Ne2 Qh4 17. h3 Qh5 18. b4 Nc4 19. Bxc4 dxc4 20. Nxc4 Qg5 21. f3 Bb8 22. Qa3 b5 23. Nd2 Rxc1 24. Rxc1 f5 25. Qb3 Rf6 26. Rf1 Rg6 27. Rf2 Bxf3 28. Nxf3 Qh5 29. Nf4 Bxf4 30. exf4 Qxh3 31. Nh2 Qh4 32. Qc2 Qd8 33. Qc5 Qb8 34. Qe5 Qc8 35. Qc5 Qb8 36. a3 Qb7 37. Rc2 Rf6 38. Qc8+ Qxc8 39. Rxc8+ Rf8 40. Rc7 Rf7 41. Rc8+ Rf8 42. Rc6 Re8 43. Nf3 h6 44. Rc7 Kf8 45. Rxa7 Re7 46. Ra6 Ke8 47. Ne5 Rc7 48. Rb6 Rc1+ 49. Kh2 Rc8 50. Rxe6+ Kf8 51. Rb6 Ra8 52. Rxb5 Rxa3 53. Rb8+ Ke7 54. Rb7+ Ke8 55. Rxg7 Rb3 56. Rb7 Kd8 57. Rb6 Kc7 58. Rxh6 Rxb4 59. Rc6+ Kb7 60. Rd6 Kc7 61. Rd5 1-0

[Event "Chestnut 2nd Category Final 2025"]
[Site "Kyiv"]
[Date "2025.04.06"]
[Round "9.2"]
[White "Kulak, Volodymyr"]
[Black "Lymar, Makar"]
[Result "1-0"]
[Annotator "NA"]
[ECO "B13"]
[WhiteElo "1607"]
[BlackElo "1565"]
[PlyCount "153"]
[EventDate "2025.04.03"]
[EventCountry "UKR"]
[SourceTitle "playchess.com"]
[Source "ChessBase"]
[SourceQuality "1"]
[TimeControl "600+5"]

1. e4 c6 2. d4 d5 3. exd5 cxd5 4. Nf3 Nc6 5. Bd3 Nf6 6. Bf4 Bg4 7. c3 Ne4 8. Nbd2 Nxd2 9. Bxd2 e6 10. Bf4 Bd6 11. Bxd6 Qxd6 12. h3 Bh5 13. Be2 O-O 14. O-O Bxf3 15. Bxf3 Ne7 16. Qd2 Ng6 17. Rfe1 Rfe8 18. g3 Rad8 19. Bg2 e5 20. dxe5 Nxe5 21. Rad1 Nc4 22. Rxe8+ Rxe8 23. Qxd5 Qxd5 24. Rxd5 Nxb2 25. Rd7 g6 26. Rxb7 Re1+ 27. Kh2 Nd3 28. Bd5 Ne5 29. Kg2 Rd1 30. Bb3 Rb1 31. Rxa7 Rb2 32. g4 Kg7 33. Kg3 Nd3 34. Rxf7+ Kh8 35. Rf3 Ne5 36. Re3 Nc6 37. Bd5 Na5 38. Re8+ Kg7 39. Re7+ Kh8 40. f4 Rd2 41. c4 Rxa2 42. c5 Rd2 43. Bf3 Rc2 44. Rc7 Rc3 45. Rc8+ Kg7 46. c6 Nc4 47. Kf2 Rc2+ 48. Be2 Na5 49. Rc7+ Kf8 50. Rxh7 Nxc6 51. Ke3 Nb4 52. Rd7 Rc3+ 53. Bd3 Ke8 54. Rd4 Nc2+ 55. Kd2 Nxd4 56. Kxc3 Ne6 57. f5 gxf5 58. Bxf5 Ng5 59. h4 Nf7 60. Kd4 Kf8 61. Ke4 Kg7 62. Kf4 Nd6 63. g5 Nf7 64. Be6 Nd6 65. Ke5 Ne8 66. h5 Kh8 67. h6 Nc7 68. g6 Ne8 69. Kf5 Nd6+ 70. Kg5 Ne4+ 71. Kf4 Nf6 72. Kf5 Nh5 73. Kg5 Nf6 74. g7+ Kh7 75. Kxf6 Kxh6 76. g8=Q Kh5 77. Qg5# 1-0

[Event "Chestnut 2nd Category Final 2025"]
[Site "Kyiv"]
[Date "2025.04.06"]
[Round "9.3"]
[White "Voloshyn, Maksym"]
[Black "Prykhodko, Artem"]
[Result "1-0"]
[Annotator "NA"]
[ECO "D37"]
[WhiteElo "1621"]
[BlackElo "1678"]
[PlyCount "101"]
[EventDate "2025.04.03"]
[EventCountry "UKR"]
[SourceTitle "playchess.com"]
[Source "ChessBase"]
[SourceQuality "1"]
[TimeControl "600+5"]

1. d4 Nf6 2. Nf3 e6 3. c4 d5 4. Nc3 Be7 5. e3 O-O 6. cxd5 Nxd5 7. Bd3 Nc6 8. Nxd5 Qxd5 9. O-O b6 10. Qc2 h6 11. Be4 Nb4 12. Qb1 Qd7 13. Bxa8 c6 14. a3 Nd5 15. Qc2 Ba6 16. Bxc6 Qc7 17. Ba4 Bxf1 18. Qxc7 Nxc7 19. Kxf1 b5 20. Bb3 a5 21. Bd2 a4 22. Ba2 Rd8 23. Rc1 Ne8 24. Ne5 Bf6 25. Nc6 Rd7 26. Bb4 Rc7 27. Ne7+ Rxe7 28. Bxe7 Bxe7 29. Rc8 Kf8 30. Bb1 b4 31. axb4 Bxb4 32. Bc2 a3 33. bxa3 Bxa3 34. Ba4 Ke7 35. Rxe8+ Kf6 36. Rb8 Bd6 37. Rb6 Bc7 38. Rc6 Bb8 39. d5 Ke5 40. dxe6 fxe6 41. Bb3 Ba7 42. Rxe6+ Kf5 43. Re7 Kg4 44. Rxg7+ Kh4 45. Bd1 Bxe3 46. Rg4+ Kh5 47. Re4+ Kg5 48. Rxe3 h5 49. Bxh5 Kh4 50. Rg3 Kxh5 51. Ke2 1-0